 Dungeon Crawl Stone Soup version 0.28.0-1-gb440e238dd (webtiles) character file.

Game seed: 14107269516472405837

4408 arthad the Fighter (level 10, -7/100 HPs)
             Began as a Minotaur Fighter on Feb 22, 2022.
             Was an Elder of Okawaru.
             Killed from afar by an electric eel (14 damage)
             ... with a bolt of electricity
             ... on level 7 of the Dungeon.
             The game lasted 00:25:44 (8180 turns).

arthad the Fighter (Minotaur Fighter)               Turns: 8180, Time: 00:25:45

Health: -7/100     AC: 15    Str: 25    XL:     10   Next: 14%
Magic:  11/11      EV:  8    Int:  5    God:    Okawaru [****..]
Gold:   361        SH:  6    Dex: 10    Spells: 9/9 levels left

rFire   + . .      SeeInvis .   a - +0 war axe (protect)
rCold   . . .      Faith    .   c - +1 buckler
rNeg    . . .      Spirit   .   l - +0 plate armour
rPois   .          Reflect  .   (helmet restricted)
rElec   .          Harm     .   m - +0 cloak
rCorr   .          Rampage  .   (no gloves)
Will    .....                   (no boots)
Stlth   ..........              (no amulet)
HPRegen 0.26/turn               g - ring of flight
MPRegen 0.12/turn               t - ring of protection from fire

@: flying
A: horns 2, retaliatory headbutt, robust 1
a: Renounce Religion, Heroism, Finesse


You were on level 7 of the Dungeon.
You worshipped Okawaru.
Okawaru was greatly pleased with you.
You visited 1 branch of the dungeon, and saw 7 of its levels.

You collected 361 gold pieces.

Inventory:

Hand Weapons
 a - a +0 war axe of protection (weapon)
 f - a +2 spear of venom
 r - a +2 flail of protection
 u - a +3 quarterstaff of chaos
Missiles
 h - 65 arrows
 p - an atropa-tipped dart (quivered)
Armour
 b - a +0 scale mail
 c - a +1 buckler (worn)
 l - a +0 plate armour (worn)
 m - a +0 cloak (worn)
Magical Staves
 e - a staff of air
Jewellery
 g - a ring of flight (left hand)
 t - a ring of protection from fire (right hand)
 E - a ring of see invisible
Wands
 o - a wand of iceblast (2)
Scrolls
 j - a scroll of noise
 q - a scroll of teleportation
 v - a scroll of enchant armour
 x - a scroll of identify
 z - a scroll of magic mapping {unknown}
 A - a scroll of enchant weapon {unknown}
 B - a scroll of blinking {unknown}
 C - a scroll of immolation
Potions
 d - a potion of might
 i - 2 potions of degeneration
 k - a potion of curing
 n - a potion of brilliance
 s - 4 potions of attraction
 D - a potion of berserk rage {unknown}


   Skills:
 * Level 9.2 Fighting
 * Level 8.7 Axes
 + Level 8.3 Armour
 - Level 4.0 Dodging
 - Level 1.8 Stealth
 + Level 8.4 Shields
 + Level 2.7 Invocations
 - Level 2.8 Evocations


You had 9 spell levels left.
You didn't know any spells.
Your spell library contained the following spells:

 Spells                   Type           Power      Damage    Failure   Level
 Foxfire                  Conj/Fire      0%         2x1d4     100%        1
 Sublimation of Blood     Necr           0%         N/A       100%        2
 Wereblood                Tmut           0%         N/A       100%        2
 Conjure Flame            Conj/Fire      0%         6-21      100%        3
 Inner Flame              Hex/Fire       0%         N/A       100%        3
 Portal Projectile        Hex/Tloc       0%         N/A       100%        3
 Flame Wave               Conj/Fire      0%         2d4       100%        4
 Leda's Liquefaction      Hex/Erth       0%         N/A       100%        4
 Call Canine Familiar     Summ           Unusable   N/A       N/A         3
 Summon Hydra             Summ           Unusable   N/A       N/A         7

Dungeon Overview and Level Annotations

Branches:
Dungeon (7/15)             Temple (0/1) D:7

Altars:
Cheibriados
Elyvilon
Okawaru
Sif Muna
Trog
Vehumet
Wu Jian
Xom

Shops:
D:1 =

Annotations:
D:6 2 transporters, spaghetti's ghost, weakling OpDe


Innate Abilities, Weirdness & Mutations

You have a pair of horns on your head.
You reflexively headbutt those who attack you in melee.
You are robust. (+10% HP)


Message History

The electric eel shoots out a bolt of lightning at you!
The bolt of electricity hits the plant!
The bolt of electricity hits you.
* * * LOW HITPOINT WARNING * * *
The electric eel shoots out a bolt of lightning at you!
The bolt of electricity hits the plant!
The bolt of electricity hits you!
* * * LOW HITPOINT WARNING * * *
You feel much better.
You kill the electric eel!
Okawaru accepts your kill.
You hear a splash.
The electric eel shoots out a bolt of lightning at you!
The bolt of electricity hits the plant!
The bolt of electricity hits you.
The electric eel shoots out a bolt of lightning at you!
The bolt of electricity hits you!
* * * LOW HITPOINT WARNING * * *
The bolt of electricity hits you.
* * * LOW HITPOINT WARNING * * *
The electric eel shoots out a bolt of lightning at you!
The bolt of electricity misses you.
A nearby plant withers and dies.
The electric eel shoots out a bolt of lightning at you!
The bolt of electricity hits you.
* * * LOW HITPOINT WARNING * * *
The electric eel shoots out a bolt of lightning at you!
The bolt of electricity hits you!
* * * LOW HITPOINT WARNING * * *
Unknown command.
Unknown command.
Okay, then.
You feel better.
Unknown command.
Unknown command.
The electric eel shoots out a bolt of lightning at you!
The bolt of electricity hits you!
* * * LOW HITPOINT WARNING * * *
There is an open door here.
Unknown command.
The electric eel shoots out a bolt of lightning at you!
The bolt of electricity hits you!
You die...

####.....................##......
#.....##.#.###.#.##.##.##.#####
#.....##.......#^....#.........
#.....##.#.#.###.##.###########
####.###.#.#.###.######### #
######..##.#.#.#...###..≈≈≈## #
...............#####≈≈.####.## #
####.##..#.#.###..≈≈≈##'..##.# #
.......#.#.#.##.@#####.....#.#
.......#...#.####'..##.....#.#
...............#.....#.≈.≈≈#.#
.......##..#.#.#.....#..PP.#≈#
.......#...#.#.#P≈..P#≈≈...#≈####
...............#≈.≈S.#≈≈.≈≈#≈#...
.............#.#.$$[(##≈≈≈##≈#.##
......###......#≈S$≈≈######≈##)#
......†.....>.###≈≈≈##≈≈)..##..##


You could see 2 electric eels.

Vanquished Creatures
  Pikel (D:6)
  A troll (D:7)
  Grinder (D:3)
  2 wraiths
  3 sky beasts
  2 ice beasts
  An orc warrior (D:7)
  5 necrophages
  2 centaurs
  3 lemures (D:6)
  Blork the orc (D:5)
  A wyvern zombie (D:6)
  2 scorpions
  3 bullfrogs
  A gnoll sergeant (D:6)
  5 killer bees (D:7)
  A water moccasin skeleton (D:6)
  4 electric eels (D:7)
  A bullfrog zombie (D:7)
  3 centaur zombies
  3 hounds
  3 jellies
  Crazy Yiuf (D:6)
  2 centaur skeletons
  An orc priest (D:5)
  3 gnoll shamans
  Jessica (D:2)
  A bullfrog skeleton (D:6)
  Terence (D:2)
  2 iguanas
  An orc wizard (D:5)
  A killer bee zombie (D:6)
  A hound skeleton (D:4)
  A howler monkey zombie (D:7)
  27 gnolls
  11 adders
  A howler monkey skeleton (D:7)
  A shadow imp (D:5)
  A white imp (D:5)
  An ufetubus (D:5)
  5 dart slugs
  10 orcs
  3 ball pythons
  12 bats
  8 endoplasms
  A giant cockroach (D:1)
  4 goblins
  8 hobgoblins
  3 jackals (D:1)
  6 kobolds
  6 quokkas
  5 frilled lizards
  5 rats
183 creatures vanquished.

Vanquished Creatures (others)
  3 plants (D:7)
3 creatures vanquished.

Grand Total: 186 creatures vanquished

Notes
Turn   | Place    | Note
-------+----------+-------------------------------------------
     0 | D:1      | arthad the Minotaur Fighter began the quest for the Orb.
     0 | D:1      | Reached XP level 1. HP: 19/19 MP: 0/0
   182 | D:1      | Found Ovutsoust's Jewellery Shop.
   224 | D:1      | Reached XP level 2. HP: 27/27 MP: 1/1
   581 | D:1      | Reached skill level 4 in Fighting
   844 | D:1      | Reached XP level 3. HP: 33/33 MP: 2/2
  1492 | D:2      | Noticed Terence
  1498 | D:2      | Killed Terence
  1499 | D:2      | Reached XP level 4. HP: 32/40 MP: 3/3
  1607 | D:2      | Reached skill level 1 in Dodging
  1702 | D:2      | Found a bloodstained altar of Trog.
  1711 | D:2      | Reached skill level 1 in Stealth
  2034 | D:2      | Noticed Jessica
  2036 | D:2      | Killed Jessica
  2183 | D:3      | Reached XP level 5. HP: 47/47 MP: 4/4
  2397 | D:3      | Noticed a necrophage
  2397 | D:3      | Noticed Grinder
  2406 | D:3      | Killed Grinder
  2407 | D:3      | Reached skill level 5 in Fighting
  2407 | D:3      | Reached skill level 5 in Armour
  2407 | D:3      | Reached skill level 5 in Shields
  2407 | D:3      | Reached XP level 6. HP: 37/56 MP: 5/5
  2411 | D:3      | Reached skill level 1 in Evocations
  2924 | D:4      | Reached XP level 7. HP: 61/61 MP: 6/6
  2930 | D:4      | Found an iron altar of Okawaru.
  2940 | D:4      | Became a worshipper of Warmaster Okawaru
  3412 | D:5      | Entered Level 5 of the Dungeon
  3445 | D:5      | Reached * piety under Okawaru
  3446 | D:5      | Reached skill level 5 in Axes
  3551 | D:5      | Reached skill level 6 in Fighting
  3618 | D:5      | Reached XP level 8. HP: 57/70 MP: 7/7
  3963 | D:5      | Noticed Blork the orc
  3970 | D:5      | Killed Blork the orc
  4124 | D:5      | Found a shimmering blue altar of Sif Muna.
  4183 | D:5      | Reached ** piety under Okawaru
  4444 | D:6      | Found a shimmering altar of Xom.
  4554 | D:6      | Reached skill level 7 in Fighting
  4685 | D:6      | Noticed Pikel
  4715 | D:6      | Killed Pikel
  4716 | D:6      | Reached XP level 9. HP: 51/79 MP: 6/8
  4863 | D:6      | Found a runed translucent door.
  4864 | D:6      | Noticed Crazy Yiuf
  5061 | D:6      | Found a transporter.
  5064 | D:6      | Found a transporter.
  5064 | D:6      | Noticed spaghetti's ghost (weakling OpDe)
  5066 | D:6      | Noticed a two-headed ogre
  5124 | D:6      | Reached *** piety under Okawaru
  5480 | D:6      | Gained mutation: You are robust. (+10% HP) [potion of
                  | mutation]
  5793 | D:6      | Reached skill level 8 in Fighting
  5793 | D:6      | Reached skill level 1 in Invocations
  6381 | D:6      | Killed Crazy Yiuf
  6617 | D:7      | Reached **** piety under Okawaru
  6747 | D:7      | Found a staircase to the Ecumenical Temple.
  7036 | D:7      | Found a radiant altar of Vehumet.
  7036 | D:7      | Found a snail-covered altar of Cheibriados.
  7037 | D:7      | Found a white marble altar of Elyvilon.
  7051 | D:7      | Found an ornate altar of the Wu Jian Council.
  7180 | D:7      | Reached XP level 10. HP: 99/99 MP: 10/10
  7601 | D:7      | Reached skill level 9 in Fighting
  8177 | D:7      | HP: 2/100 [electric eel/bolt of electricity (13)]
  8180 | D:7      | Killed from afar by an electric eel

Illustrated notes

Levels and vault maps discovered:
D:1:      roderic_octagonal_star, layout_basic, serial_shops, shop, minivault_5
D:2:      layout_basic, basic_altar, kennysheep_generic_room_9, uniq_jessica,
          uniq_terence
D:3:      layout_rooms, serial_park_tiny_pond, uniq_grinder
D:4:      layout_rooms, okawaru_metal_pillars_3
D:5:      layout_rooms, mainiacjoe_overflow_brackets, grunt_ministairs_13,
          minmay_checkerbox, uniq_blork_the_orc
D:6:      layout_loops_ring, old_standard_altar, gammafunk_ghost_arena,
          grunt_potential, uniq_crazy_yiuf_cottage, uniq_pikel
D:7:      cheibrodos_two_vegetables, layout_basic,
          nicolae_overflow_quartered_altars, minmay_temple_entry_butterflies,
          chequers_serial_rivers_micro_e

Skill      XL: |  1  2  3  4  5  6  7  8  9 10 |
---------------+-------------------------------+-----
Fighting       | 4 5 6 7 8 9 |  9.2
Shields        | 4 5 6 7 8 |  8.4
Axes           | 3 4 5 6 8 |  8.7
Armour         | 4 5 6 7 8 |  8.3
Dodging        | 1 2 3 4 |  4.0
Stealth        | 1 |  1.8
Evocations     | 1 2 |  2.8
Invocations    | 2 |  2.7

Action                   |  1- 3 |  4- 6 |  7- 9 | 10-12 || total
-------------------------+-------+-------+-------+-------++-------
Melee: War axe           |    86 |    72 |   402 |    39 ||   599
       Headbutt          |    12 |     9 |    77 |     9 ||   107
Throw: Dart              |       |       |       |     4 ||     4
Invok: Heroism           |       |       |     1 |       ||     1
Evoke: Wand              |       |     3 |       |     2 ||     5
  Use: Potion            |       |     1 |     5 |     2 ||     8
       Scroll            |       |       |    10 |       ||    10
Armor: Scale mail        |    32 |       |       |       ||    32
       Plate armour      |    11 |    44 |   283 |    30 ||   368
Dodge: Dodged            |    41 |    13 |   154 |    19 ||   227
Block: Buckler           |    19 |    21 |   148 |    18 ||   206
